[Event "Titled Tuesday Blitz August 22 Early 2023"]
[White "only_strong_moves"]
[Black "Hambleton, Aman"]
[BlackFideId "2606577"]
[WhiteElo "2498"]
[BlackElo "2830"]
[Result "1-0"]
[Round "7"]
[TimeControl "180+1"]
[Date "2023.08.22"]
[WhiteClock "0:00:11"]
[BlackClock "0:00:05"]
[Board "92"]

1. d4 e5 2. dxe5 Nc6 3. Nf3 Qe7 4. g3 Nxe5 5. Nxe5 Qxe5 6. Bg2 Bc5 7. O-O d6 8. Nc3 Nf6 9. Bf4 Qh5 10. Nd5 Nxd5 11. Qxd5 Qxd5 12. Bxd5 Be6 13. Bxb7 Rb8 14. Bc6+ Ke7 15. b3 h6 16. c3 g5 17. Bd2 a5 18. Kg2 f5 19. f4 Rb6 20. Ba4 Bd5+ 21. Kh3 g4+ 22. Kh4 Be4 23. Be1 d5 24. Bf2 Bd6 25. Bd4 Kf7 26. Bxh8 Be7+ 27. Kh5 c5 28. h3 d4 29. hxg4 dxc3 30. Bxc3 fxg4 31. Kxg4 Rg6+ 32. Kh3 Bf5+ 33. Kg2 Bh4 34. Be1 Be4+ 35. Kh2 Bf6 36. Rc1 h5 37. Rxc5 h4 38. Rg1 Bd4 39. Rc7+ Ke6 40. e3 Bxe3 41. Rg2 hxg3+ 42. Rxg3 Rh6+ 43. Rh3 Rg6 44. Rg3 Rh6+ 45. Rh3 Rg6 46. Rh5 Rg2+ 47. Kh3 Rg1 48. Rh6+ Kd5 49. Rd7+ Kc5 50. Rc7+ Kd5 51. Bc3 Bf5+ 52. Kh4 Rh1+ 53. Kg5 Bxf4+ 54. Kxf5 Rxh6 55. Kxf4 Rh4+ 56. Ke3 Rh3+ 57. Kf4 Rh4+ 58. Kg5 Rh2 59. Rd7+ Ke6 60. Rd3 Rg2+ 61. Kf4 Rxa2 62. Ke4 Re2+ 63. Kd4 Kd6 64. Kc4+ Kc7 65. Kb5 Kb7 66. Bxa5 Re5+ 67. Kb4 Re4+ 68. Kc3 Re5 69. Bb4 Rh5 70. Rd4 Kb6 71. Rd6+ Kc7 72. Rd7+ Kb6 73. Rg7 Rh3+ 74. Kb2 Rh4 75. Bc3 Rh2+ 76. Ka3 Rh6 77. Bd4+ Ka5 78. Ra7+ Ra6 79. b4# 1-0


[Site "https://www.chess.com"]

[Event "Titled Tuesday Blitz August 22 Early 2023"]
[White "Molina, Roberto Junio Brito"]
[Black "Kuzmin, Roman"]
[WhiteFideId "2109450"]
[BlackFideId "44134932"]
[WhiteElo "2826"]
[BlackElo "2497"]
[Result "1-0"]
[Round "7"]
[TimeControl "180+1"]
[Date "2023.08.22"]
[WhiteClock "0:01:04"]
[BlackClock "0:00:00"]
[Board "93"]

1. e4 c5 2. Nf3 d6 3. d4 cxd4 4. Nxd4 Nf6 5. Nc3 a6 6. Be3 e5 7. Nb3 Be6 8. f3 h5 9. Qd2 Nbd7 10. O-O-O Be7 11. Kb1 b5 12. Nd5 Bxd5 13. exd5 Nb6 14. Na5 Nbxd5 15. Bf2 Rc8 16. c4 bxc4 17. Bxc4 Nf4 18. Bxa6 O-O 19. Bxc8 Qxc8 20. Be3 Qf5+ 21. Ka1 Ra8 22. Nc4 Qe6 23. b3 N6d5 24. Bxf4 Nxf4 25. g3 d5 26. Ne3 Ng6 27. Nxd5 Bd8 28. Rhe1 h4 29. f4 e4 30. Qd4 f5 31. Qc4 Kh7 32. Kb1 Ne7 33. Nxe7 Qxe7 34. Qd5 g6 35. Qxa8 1-0


[Site "https://www.chess.com"]

[Event "Titled Tuesday Blitz August 22 Early 2023"]
[White "Wagner, Dennis"]
[Black "Khamdamova, Afruza"]
[WhiteFideId "24650684"]
[BlackFideId "14210444"]
[WhiteElo "2739"]
[BlackElo "2494"]
[Result "1-0"]
[Round "7"]
[TimeControl "180+1"]
[Date "2023.08.22"]
[WhiteClock "0:00:40"]
[BlackClock "0:00:00"]
[Board "94"]

1. e4 e5 2. Nf3 Nc6 3. Bc4 Nf6 4. d3 Bc5 5. Nc3 O-O 6. h3 d6 7. Na4 Bb6 8. O-O Be6 9. Bxe6 fxe6 10. c3 Qe7 11. Nxb6 axb6 12. Bd2 Rae8 13. a4 Qf7 14. Re1 Nh5 15. b4 Nf4 16. Bxf4 Qxf4 17. Ra2 Ne7 18. Nh2 Ng6 19. g3 Qf6 20. Qh5 Re7 21. Re3 Ref7 22. Ng4 Qe7 23. h4 d5 24. Nxe5 Nxe5 25. Qxe5 dxe4 26. Qxe4 Rf6 27. Qxb7 Qf7 28. Qg2 e5 29. c4 Rf5 30. a5 bxa5 31. bxa5 c5 32. a6 Qa7 33. Qd5+ Kh8 34. Rxe5 R5f6 35. Qxc5 Qxc5 36. Rxc5 Ra8 37. a7 Rf7 38. Rb5 h6 39. Rb8+ 1-0


[Site "https://www.chess.com"]

[Event "Titled Tuesday Blitz August 22 Early 2023"]
[White "Devaev, Alexander"]
[Black "Blanco Ronquillo, Humberto L."]
[WhiteFideId "4169395"]
[BlackFideId "3504239"]
[WhiteElo "2492"]
[BlackElo "2706"]
[Result "0-1"]
[Round "7"]
[TimeControl "180+1"]
[Date "2023.08.22"]
[WhiteClock "0:00:00"]
[BlackClock "0:00:43"]
[Board "95"]

1. Nf3 d5 2. c4 c6 3. e3 Nf6 4. b3 Bg4 5. Bb2 Nbd7 6. d4 Ne4 7. a3 e6 8. Qc2 Bd6 9. Bd3 Bf5 10. Ne5 Bxe5 11. dxe5 Ndc5 12. Bxe4 Bxe4 13. Qc3 Bxg2 14. Rg1 Be4 15. Rxg7 Bg6 16. cxd5 Nd3+ 17. Ke2 Nxb2 18. Qxb2 Qxd5 19. Rxg6 hxg6 20. Nd2 O-O-O 21. Qc3 Rxh2 22. Nf3 Rh5 23. a4 Rf5 24. Ne1 Qxe5 25. Rc1 Qxc3 26. Rxc3 Rfd5 27. Nf3 f6 28. e4 Rh5 29. b4 a6 30. Ke3 Kc7 31. Rc1 e5 32. Rg1 g5 33. Rc1 Rh3 34. Ke2 g4 35. Ne1 Rd4 36. Kf1 Rxe4 37. Kg2 Re2 38. Kg1 Rb3 39. Ng2 Rxb4 40. a5 Rbb2 41. Rf1 g3 0-1


[Site "https://www.chess.com"]

[Event "Titled Tuesday Blitz August 22 Early 2023"]
[White "Morefield, Jason"]
[Black "Itkis, Boris"]
[WhiteFideId "30920825"]
[BlackFideId "1209167"]
[WhiteElo "2691"]
[BlackElo "2486"]
[Result "1-0"]
[Round "7"]
[TimeControl "180+1"]
[Date "2023.08.22"]
[WhiteClock "0:00:08"]
[BlackClock "0:00:10"]
[Board "96"]

1. e4 e6 2. d4 d5 3. Nc3 Bb4 4. e5 c5 5. Bd2 Ne7 6. Nb5 Bxd2+ 7. Qxd2 O-O 8. f4 Nbc6 9. Nf3 cxd4 10. Bd3 f6 11. O-O fxe5 12. fxe5 Rxf3 13. Rxf3 Nxe5 14. Rh3 Nxd3 15. Qxd3 Ng6 16. Rf1 e5 17. Rg3 Bd7 18. Nd6 Be8 19. Nf5 a6 20. h4 Bb5 21. Qf3 Bxf1 22. h5 Nf4 23. Rxg7+ Kh8 24. Kxf1 Qf6 25. g4 Rg8 26. Rxb7 a5 27. Ke1 Qc6 28. Qb3 a4 29. Qb4 Qxc2 30. Rxh7+ Kxh7 31. Qe7+ Kh8 32. Qf6+ Kh7 33. Qh6# 1-0


[Site "https://www.chess.com"]

[Event "Titled Tuesday Blitz August 22 Early 2023"]
[White "Mrithyunjay Mahadevan"]
[Black "Piesik, Piotr"]
[WhiteFideId "45003521"]
[BlackFideId "1136194"]
[WhiteElo "2481"]
[BlackElo "2651"]
[Result "0-1"]
[Round "7"]
[TimeControl "180+1"]
[Date "2023.08.22"]
[WhiteClock "0:01:34"]
[BlackClock "0:00:38"]
[Board "97"]

1. Nf3 g6 2. e4 Bg7 3. d4 c6 4. Nc3 d6 5. Bd3 Nf6 6. h3 O-O 7. Be3 Nbd7 8. Qe2 e5 9. O-O-O b5 10. g4 b4 11. Nb1 Qa5 12. dxe5 dxe5 13. g5 Nh5 14. Bc4 Nc5 15. Nfd2 Nf4 16. Bxf4 exf4 17. Qf3 Be6 18. Bxe6 Nxe6 19. Qb3 Nd4 20. Qc4 Qxa2 21. Rde1 Qa1 22. Qxb4 Qa6 23. Qa3 Qb5 24. Nc3 Qxg5 25. h4 Qh5 26. Reg1 h6 27. Qd6 Rad8 28. Qxf4 Qc5 29. h5 Qxc3 30. bxc3 Ne2+ 0-1


[Site "https://www.chess.com"]

[Event "Titled Tuesday Blitz August 22 Early 2023"]
[White "Castellanos Villela, Alejandro"]
[Black "Gavilan Diaz, Mario"]
[WhiteFideId "3446379"]
[BlackFideId "2260905"]
[WhiteElo "2648"]
[BlackElo "2480"]
[Result "0-1"]
[Round "7"]
[TimeControl "180+1"]
[Date "2023.08.22"]
[WhiteClock "0:00:21"]
[BlackClock "0:00:58"]
[Board "98"]

1. e4 b6 2. d4 Bb7 3. Bd3 e6 4. Nf3 c5 5. c3 Nf6 6. Qe2 d5 7. e5 Ne4 8. Nbd2 Nxd2 9. Bxd2 Nc6 10. O-O Be7 11. Rfe1 O-O 12. h4 Bxh4 13. Nxh4 Qxh4 14. g3 Qh3 15. Qe3 cxd4 16. cxd4 f6 17. exf6 Rxf6 18. Bf1 Qh5 19. Kg2 Raf8 20. f4 e5 21. dxe5 d4 22. Bc4+ Kh8 23. Qe4 Nxe5 24. Qxb7 Nxc4 25. Bb4 Ne3+ 26. Rxe3 dxe3 27. Bxf8 Qe2+ 28. Kg1 Qf2+ 0-1


[Site "https://www.chess.com"]

[Event "Titled Tuesday Blitz August 22 Early 2023"]
[White "Jakubowski, Krzysztof"]
[Black "Reprintsev, Alexander"]
[WhiteFideId "1112848"]
[BlackFideId "14100541"]
[WhiteElo "2644"]
[BlackElo "2477"]
[Result "0-1"]
[Round "7"]
[TimeControl "180+1"]
[Date "2023.08.22"]
[WhiteClock "0:00:00"]
[BlackClock "0:00:14"]
[Board "99"]

1. e4 d5 2. exd5 Qxd5 3. Nc3 Qd6 4. d4 c6 5. g3 Bf5 6. Bg2 e6 7. Nf3 Nf6 8. Bf4 Qb4 9. O-O Nbd7 10. Qc1 h6 11. Re1 Be7 12. a4 Qa5 13. h3 O-O 14. g4 Bh7 15. g5 hxg5 16. Nxg5 Bg6 17. Bd2 Qd8 18. Ne2 Nh7 19. Nf3 Bd6 20. Bf4 Nb6 21. a5 Nd5 22. Be5 Nb4 23. Nf4 Bxc2 24. Qd2 Bf5 25. Rac1 Nd5 26. Nh5 Bxe5 27. dxe5 Bg6 28. Ng3 Qe7 29. Rc4 Rfd8 30. Rg4 Nf8 31. Ng5 c5 32. Qe2 Nb4 33. Qf3 Rd3 34. Qf4 Rad8 35. Be4 Rd1 36. Rxd1 Rxd1+ 37. Kh2 Nd3 38. Qf3 Rd2 39. Bxd3 Rxd3 40. Qe2 Qd7 41. Nf3 Rd5 42. h4 Bf5 43. Rg5 Nh7 44. Rh5 Bg6 45. Ng5 Bxh5 0-1


[Site "https://www.chess.com"]

[Event "Titled Tuesday Blitz August 22 Early 2023"]
[White "Pax-Pramana"]
[Black "Eynullayev, Atilla"]
[BlackFideId "13413570"]
[WhiteElo "2474"]
[BlackElo "2641"]
[Result "1-0"]
[Round "7"]
[TimeControl "180+1"]
[Date "2023.08.22"]
[WhiteClock "0:00:13"]
[BlackClock "0:00:09"]
[Board "100"]

1. e4 c5 2. Nf3 d6 3. b3 g6 4. Bb2 e5 5. c3 Nf6 6. d4 Nxe4 7. dxe5 Bg7 8. Qd5 Ng5 9. Bb5+ Nd7 10. Qxd6 Nxf3+ 11. gxf3 Qe7 12. Qxe7+ Kxe7 13. f4 f6 14. Bxd7 Bxd7 15. c4 fxe5 16. Bxe5 Kf7 17. Nc3 Rhe8 18. O-O-O Bc6 19. Rhe1 Rad8 20. Nd5 Bf8 21. Nf6 Rxd1+ 22. Rxd1 Re7 23. Nxh7 Bh6 24. Kb2 Rd7 25. Rxd7+ Bxd7 26. Nf6 Bc6 27. Nd5 Ke6 28. Ne3 Be4 29. Bb8 a6 30. Ng4 Bg7+ 31. Be5 Bf8 32. Nf6 Be7 33. Nxe4 1-0


[Site "https://www.chess.com"]

[Event "Titled Tuesday Blitz August 22 Early 2023"]
[White "HamedWafa4"]
[Black "Seletsky, Grigory"]
[BlackFideId "14112191"]
[WhiteElo "2617"]
[BlackElo "2470"]
[Result "1-0"]
[Round "7"]
[TimeControl "180+1"]
[Date "2023.08.22"]
[WhiteClock "0:00:26"]
[BlackClock "0:00:10"]
[Board "101"]

1. e4 e6 2. d4 d5 3. e5 c5 4. c3 Nc6 5. Nf3 Bd7 6. Be2 Rc8 7. O-O cxd4 8. cxd4 Nge7 9. Na3 Nf5 10. Nc2 h5 11. Bd3 Be7 12. a3 g6 13. b4 a6 14. h3 Kf8 15. Bxf5 exf5 16. Re1 Be6 17. Rb1 Kg7 18. Na1 Na7 19. a4 Rc4 20. Bd2 g5 21. Nb3 g4 22. Nh2 Bxb4 23. Bxb4 Rxb4 24. Nc5 Rxb1 25. Qxb1 Qe7 26. h4 Nc6 27. Rd1 Na5 28. Nf1 Rc8 29. Ng3 Kg6 30. Nd3 Qxh4 31. Nf4+ Kg7 32. Nxf5+ Bxf5 33. Qxf5 Rh8 34. g3 Qd8 35. e6 Qf6 36. Nxh5+ Rxh5 37. Qxh5 Qxe6 38. Qg5+ Kh7 39. Qe5 Nc6 40. Qxe6 fxe6 41. Kf1 Kg6 42. Ke2 b5 43. a5 Nxa5 44. Ra1 Nb3 45. Rxa6 Nxd4+ 46. Kd3 Nf3 47. Rxe6+ Kf5 48. Rb6 Ke5 49. Rxb5 Ng5 50. Rb8 Ne4 51. Rf8 Ke6 52. Rf4 Nf6 53. Kd4 Ke7 54. Rxf6 Kxf6 55. Kxd5 Kf5 56. Kd4 Kf6 57. Ke4 Kg5 58. Ke5 Kg6 59. Kf4 Kh5 60. Kf5 Kh6 61. Kxg4 1-0


[Site "https://www.chess.com"]

[Event "Titled Tuesday Blitz August 22 Early 2023"]
[White "Tologon tegin, Semetei"]
[Black "Issabayev, Dias"]
[WhiteFideId "13800574"]
[BlackFideId "13703110"]
[WhiteElo "2612"]
[BlackElo "2471"]
[Result "0-1"]
[Round "7"]
[TimeControl "180+1"]
[Date "2023.08.22"]
[WhiteClock "0:00:00"]
[BlackClock "0:00:47"]
[Board "102"]

1. e4 c5 2. Nf3 d6 3. d4 cxd4 4. Nxd4 Nf6 5. Nc3 Bd7 6. Bg5 e6 7. Qd2 h6 8. Bh4 Nxe4 9. Bxd8 Nxd2 10. Kxd2 Kxd8 11. Be2 Nc6 12. Nb3 d5 13. a3 Rc8 14. Rad1 Ne5 15. Rhe1 Bd6 16. g3 Re8 17. f4 Nc4+ 18. Bxc4 Rxc4 19. Kc1 g5 20. f5 b6 21. Nd4 Bc5 22. Nf3 Bxa3 23. Nxd5 Bxb2+ 24. Kxb2 exd5 25. Rxe8+ Kxe8 26. Rxd5 Bc6 27. Re5+ Kf8 28. Nd2 Rb4+ 29. Kc3 a5 30. Nc4 Kg7 31. Re7 Kf6 32. Rc7 Be4 33. Nd6 Bd5 34. h3 Rb1 35. g4 a4 36. Ra7 b5 37. Kd4 Rd1+ 38. Kc5 Bg2 39. Rxf7+ Ke5 40. Re7+ Kf4 41. f6 Rd5+ 42. Kc6 Rf5+ 43. Kd7 Rxf6 44. Re2 Bf3 45. Rd2 a3 46. c3 Ke3 47. Ra2 Bg2 48. Rxa3 Kf4 49. Nxb5 Bxh3 50. Ra4+ Kg3 51. Ke7 Rf4 52. c4 Bxg4 53. Ra3+ Rf3 54. Nc3 Re3+ 55. Kf6 Bf3 56. c5 g4 57. Ne4+ Rxe4 58. c6 Rc4 0-1


[Site "https://www.chess.com"]

[Event "Titled Tuesday Blitz August 22 Early 2023"]
[White "Swicarz, Maciej"]
[Black "Sun, Rick"]
[WhiteFideId "1113585"]
[BlackFideId "30909481"]
[WhiteElo "2465"]
[BlackElo "2612"]
[Result "1-0"]
[Round "7"]
[TimeControl "180+1"]
[Date "2023.08.22"]
[WhiteClock "0:00:02"]
[BlackClock "0:00:00"]
[Board "103"]

1. e4 d6 2. d4 Nf6 3. Nc3 Nbd7 4. Be3 e5 5. f3 Be7 6. Nge2 c6 7. Qd2 O-O 8. O-O-O b5 9. Ng3 exd4 10. Bxd4 c5 11. Bxf6 Nxf6 12. Nxb5 Rb8 13. Nxd6 Be6 14. Ngf5 Bxd6 15. Nxd6 Bxa2 16. b3 Bxb3 17. cxb3 Rxb3 18. Bc4 Rb4 19. Ba2 Qa5 20. Nc4 Qa4 21. Qc2 Qa6 22. Rd3 Rfb8 23. Rhd1 g6 24. Rd8+ Rxd8 25. Rxd8+ Kg7 26. Rd3 Ra4 27. Bb3 Ra1+ 28. Kd2 Rg1 29. Ne3 Qa1 30. Rd6 Qe1+ 31. Kd3 Ne8 32. Rd7 Nf6 33. Rxf7+ Kh6 34. Rxf6 Qb4 35. Ke2 Qe1+ 36. Kd3 Qb4 37. Bc4 Ra1 38. Ng4+ Kh5 39. Rf7 h6 40. Nf6+ Kh4 41. g3+ Kg5 42. Nh7+ Kh5 43. Ke3 Qe1+ 44. Kf4 g5+ 45. Kf5 1-0


[Site "https://www.chess.com"]

[Event "Titled Tuesday Blitz August 22 Early 2023"]
[White "Fule, Simon"]
[Black "Czopor, Maciej"]
[WhiteFideId "787515"]
[BlackFideId "21805431"]
[WhiteElo "2465"]
[BlackElo "2610"]
[Result "1-0"]
[Round "7"]
[TimeControl "180+1"]
[Date "2023.08.22"]
[WhiteClock "0:00:07"]
[BlackClock "0:00:08"]
[Board "104"]

1. e4 Nc6 2. d4 d5 3. Nc3 dxe4 4. d5 Ne5 5. Bf4 Ng6 6. Bg3 a6 7. h4 h5 8. Nh3 Nf6 9. Ng5 Bf5 10. Bc4 Qd7 11. d6 exd6 12. Bxf7+ Kd8 13. Qd2 Be7 14. Bb3 Rf8 15. O-O-O Ng4 16. Rhe1 e3 17. fxe3 Bxg5 18. hxg5 h4 19. Bf4 N4e5 20. Rh1 Kc8 21. Nd5 b6 22. Kb1 Kb7 23. Ka1 Rae8 24. a3 Bg4 25. Rde1 c6 26. Nb4 a5 27. Nd3 Nxd3 28. cxd3 Nxf4 29. exf4 Rxe1+ 30. Rxe1 Re8 31. Re4 d5 32. Re5 Rxe5 33. fxe5 Qf5 34. d4 Kc7 35. Bc2 Qf1+ 36. Ka2 Bf5 37. Bxf5 Qxf5 38. Qe3 Kd7 39. Qh3 Qxh3 40. gxh3 Ke6 41. b4 axb4 42. axb4 b5 43. Kb3 Kf5 44. Kc3 Kxg5 45. Kd3 Kf5 46. Ke3 g5 47. Kf3 g4+ 48. hxg4+ Kg5 49. e6 Kf6 50. g5+ Kxe6 51. Kg4 h3 52. Kxh3 Kf5 53. Kh4 Kg6 54. Kg4 Kg7 55. Kf5 Kf7 56. Ke5 Kg6 57. Kd6 Kxg5 58. Kxc6 Kf5 59. Kxd5 Kf4 60. Kc6 Ke3 61. d5 Kd3 62. Kxb5 1-0


[Site "https://www.chess.com"]

[Event "Titled Tuesday Blitz August 22 Early 2023"]
[White "Bodnaruk, Anastasia"]
[Black "Liu, Casper"]
[WhiteFideId "4181751"]
[BlackFideId "1454153"]
[WhiteElo "2607"]
[BlackElo "2458"]
[Result "1-0"]
[Round "7"]
[TimeControl "180+1"]
[Date "2023.08.22"]
[WhiteClock "0:00:38"]
[BlackClock "0:00:00"]
[Board "105"]

1. e4 c5 2. Nc3 g6 3. Nge2 Bg7 4. g3 d6 5. Bg2 h5 6. h4 Bg4 7. O-O Nc6 8. d3 Nf6 9. Be3 a6 10. f3 Be6 11. d4 cxd4 12. Nxd4 Bc4 13. Re1 O-O 14. Qd2 Nd7 15. b3 Nxd4 16. Bxd4 Be6 17. Nd5 Rc8 18. c4 Ne5 19. Qc3 b5 20. f4 Bxd5 21. exd5 Nxc4 22. Bxg7 Na3 23. Qb2 Rc2 24. Qxa3 Qb6+ 25. Kh2 Qf2 26. Rg1 Kxg7 27. Raf1 Qe2 28. b4 Rfc8 29. Qf3 Qd2 30. Rd1 Qxb4 31. f5 R8c3 32. Rd3 Rxd3 33. Qxd3 Qb2 34. fxg6 fxg6 35. Qe4 Re2 36. Qf3 Qxa2 37. Rf1 Qb2 38. Qf8+ Kh7 39. Rf7+ 1-0


[Site "https://www.chess.com"]

[Event "Titled Tuesday Blitz August 22 Early 2023"]
[White "Erzhanov, Arman"]
[Black "Ljukin, Sergei"]
[WhiteFideId "4138821"]
[BlackFideId "14102200"]
[WhiteElo "2601"]
[BlackElo "2456"]
[Result "1-0"]
[Round "7"]
[TimeControl "180+1"]
[Date "2023.08.22"]
[WhiteClock "0:01:24"]
[BlackClock "0:00:06"]
[Board "106"]

1. e4 e6 2. b3 d5 3. Bb2 Nf6 4. e5 Nfd7 5. f4 c5 6. Qg4 Nc6 7. Nf3 g6 8. Be2 Bg7 9. Nc3 f5 10. Qg3 Nb4 11. O-O-O d4 12. Nb5 Nxa2+ 13. Kb1 Nb4 14. Nd6+ Kf8 15. c3 dxc3 16. dxc3 Nd5 17. Ng5 Qe7 18. Bf3 N7b6 19. c4 Nb4 20. Qf2 Na6 21. Ba3 Nd7 22. Nxc8 Rxc8 23. Bxb7 Rb8 24. Bxa6 Rxb3+ 25. Ka2 Rc3 26. Bb5 1-0


[Site "https://www.chess.com"]

[Event "Titled Tuesday Blitz August 22 Early 2023"]
[White "Aevengho"]
[Black "Arencibia Monduy, Antonio"]
[BlackFideId "3507939"]
[WhiteElo "2585"]
[BlackElo "2442"]
[Result "0-1"]
[Round "7"]
[TimeControl "180+1"]
[Date "2023.08.22"]
[WhiteClock "0:00:00"]
[BlackClock "0:00:13"]
[Board "107"]

1. e4 e6 2. Nc3 d5 3. d4 dxe4 4. Nxe4 Nd7 5. Nf3 Ngf6 6. Nxf6+ Nxf6 7. Bd3 Be7 8. Bg5 O-O 9. Qe2 c5 10. dxc5 Qa5+ 11. c3 Qxc5 12. O-O Bd7 13. Be3 Qc7 14. Bd4 Bc6 15. Ne5 Bd5 16. c4 Bc6 17. Nxc6 Qxc6 18. Rad1 a6 19. b3 Rac8 20. Rfe1 Rfd8 21. Bb2 Rd7 22. Bc2 Rcd8 23. g3 b5 24. cxb5 axb5 25. Rxd7 Rxd7 26. Rd1 Rxd1+ 27. Qxd1 b4 28. Bd3 Nd5 29. Be4 Nc3 30. Bxc6 Nxd1 31. Bd4 Bf6 32. Bc5 Nc3 33. Bxb4 Nxa2 34. Bd6 Bc3 35. Kf1 Nb4 36. Bd7 g6 37. g4 h6 38. h4 Kg7 39. g5 hxg5 40. hxg5 f6 41. Bxe6 fxg5 42. Ke2 Kf6 43. Bc4 g4 44. Ke3 Kf5 45. Bd3+ Ke6 46. Bf8 Nd5+ 47. Ke4 Nf6+ 48. Kf4 Bd2+ 49. Kg3 g5 50. b4 Bf4+ 51. Kg2 Nd7 52. Be2 Nxf8 0-1


[Site "https://www.chess.com"]

[Event "Titled Tuesday Blitz August 22 Early 2023"]
[White "Jia, Haoxiang"]
[Black "Herman, Daniel"]
[WhiteFideId "8602999"]
[BlackFideId "30935008"]
[WhiteElo "2570"]
[BlackElo "2439"]
[Result "0-1"]
[Round "7"]
[TimeControl "180+1"]
[Date "2023.08.22"]
[WhiteClock "0:00:26"]
[BlackClock "0:00:25"]
[Board "108"]

1. d4 Nf6 2. Nf3 g6 3. Bf4 Bg7 4. e3 O-O 5. Nbd2 d6 6. h3 b6 7. Be2 Bb7 8. O-O Nbd7 9. Bh2 c5 10. c3 Qc7 11. a4 a6 12. Re1 Rac8 13. Bf1 Qb8 14. e4 e5 15. Nc4 Nxe4 16. dxe5 Nxe5 17. Nfxe5 dxe5 18. Nxb6 Rcd8 19. Qc2 Rd2 20. Qc1 Rxf2 21. Nd7 Qa7 22. Nxf8 Bxf8 23. Rxe4 Rxf1+ 24. Qxf1 c4+ 25. Kh1 Bxe4 26. Bxe5 Qe3 27. Kh2 Bxg2 28. Qxg2 Qxe5+ 29. Kh1 Bd6 30. Rd1 Kg7 31. Qd5 Qh2# 0-1


[Site "https://www.chess.com"]

[Event "Titled Tuesday Blitz August 22 Early 2023"]
[White "MateoReyes"]
[Black "Golubev, Mikhail"]
[BlackFideId "14100983"]
[WhiteElo "2435"]
[BlackElo "2570"]
[Result "0-1"]
[Round "7"]
[TimeControl "180+1"]
[Date "2023.08.22"]
[WhiteClock "0:00:52"]
[BlackClock "0:00:04"]
[Board "109"]

1. Nf3 g6 2. d4 Nf6 3. c4 Bg7 4. Nc3 O-O 5. Bg5 c5 6. e3 cxd4 7. Nxd4 Qa5 8. Bh4 Ne4 9. Qb3 Nxc3 10. Qxc3 Qxc3+ 11. bxc3 Nc6 12. Be2 h6 13. Rb1 g5 14. Bg3 f5 15. f4 gxf4 16. Nxc6 dxc6 17. Bxf4 Bxc3+ 18. Kf2 Bg7 19. Rhd1 e5 20. Bg3 b6 21. Rd6 f4 22. exf4 exf4 23. Bh4 Bf5 24. Rbd1 c5 25. Bf3 Rae8 26. Rc6 Bd4+ 27. Kf1 Re3 28. Bf2 Rd3 29. Rxd3 Bxd3+ 30. Kg1 Bxf2+ 31. Kxf2 Bxc4 32. Rxh6 Bxa2 33. Rc6 c4 34. h4 b5 35. h5 Rd8 36. h6 b4 37. Ra6 b3 38. Bg4 c3 39. Be6+ Kh8 40. Bf5 c2 41. Rxa7 c1=Q 42. Rh7+ Kg8 43. Rg7+ Kf8 44. Be6 Qe3+ 45. Kf1 Rd1# 0-1


[Site "https://www.chess.com"]

[Event "Titled Tuesday Blitz August 22 Early 2023"]
[White "Eynullayev, Altay"]
[Black "Namitbir Singh Walia"]
[WhiteFideId "13413562"]
[BlackFideId "35071068"]
[WhiteElo "2564"]
[BlackElo "2434"]
[Result "1-0"]
[Round "7"]
[TimeControl "180+1"]
[Date "2023.08.22"]
[WhiteClock "0:02:02"]
[BlackClock "0:01:07"]
[Board "110"]

1. d4 Nf6 2. Bf4 d5 3. e3 c5 4. Nf3 Nc6 5. Nbd2 Qb6 6. dxc5 Qxb2 7. Rb1 Qc3 8. Bb5 Qxc5 9. O-O Bd7 10. c4 e6 11. Nb3 Qa3 12. Nbd4 Nxd4 13. Qxd4 Bc5 14. Bxd7+ Nxd7 15. Qxg7 O-O-O 16. cxd5 exd5 17. Qxf7 Qxa2 18. Rfc1 b6 19. Rxc5+ bxc5 20. Rb8+ Nxb8 21. Qc7# 1-0


[Site "https://www.chess.com"]

[Event "Titled Tuesday Blitz August 22 Early 2023"]
[White "Llanos, Guillermo"]
[Black "Ganiev, Roman"]
[WhiteFideId "100358"]
[BlackFideId "4131452"]
[WhiteElo "2434"]
[BlackElo "2564"]
[Result "0-1"]
[Round "7"]
[TimeControl "180+1"]
[Date "2023.08.22"]
[WhiteClock "0:00:56"]
[BlackClock "0:00:09"]
[Board "111"]

1. c4 e5 2. Nc3 Nf6 3. Nf3 Nc6 4. e4 Bc5 5. Nxe5 Nxe5 6. d4 Bd6 7. c5 Bxc5 8. dxe5 Ng8 9. Bc4 Ne7 10. O-O O-O 11. Na4 Bb6 12. Nxb6 axb6 13. Bf4 Nc6 14. Bg3 Qe7 15. f4 Qc5+ 16. Kh1 Qxc4 17. f5 Qxe4 18. Qh5 d6 19. Rf4 Qd3 20. Rd1 Qc2 21. Rdf1 Nxe5 22. Rh4 h6 23. Bxe5 dxe5 24. Rg4 Bxf5 25. Qxf5 Qxf5 26. Rxf5 Rxa2 27. h4 Rxb2 28. Rxe5 Rb1+ 29. Kh2 Rc1 30. Re7 Rc5 31. Rd4 b5 32. Rdd7 b4 33. Rxc7 Rxc7 34. Rxc7 b5 35. Rb7 Rc8 36. Rxb5 Rc4 37. Rb8+ Kh7 38. h5 g6 39. Rb7 Kg7 40. hxg6 Kxg6 41. Rb5 f6 42. g3 h5 43. Kg2 Rd4 44. Kf3 Rc4 45. Ke3 Rc3+ 46. Kf4 b3 47. Rb6 Kf7 48. Rb7+ Ke6 49. Rb6+ Kd5 50. Rxf6 b2 51. Rb6 Rc2 52. Ke3 Kc4 53. Rc6+ Kb3 54. Rb6+ Ka2 55. Ra6+ Kb1 56. Kf4 Kc1 57. Rb6 b1=Q 58. Rxb1+ Kxb1 59. Kg5 Rc5+ 60. Kh4 Kc2 61. g4 hxg4 0-1


[Site "https://www.chess.com"]

[Event "Titled Tuesday Blitz August 22 Early 2023"]
[White "To, Nhat Minh"]
[Black "Eggleston, Thomas A"]
[WhiteFideId "729019"]
[BlackFideId "412139"]
[WhiteElo "2551"]
[BlackElo "2431"]
[Result "1-0"]
[Round "7"]
[TimeControl "180+1"]
[Date "2023.08.22"]
[WhiteClock "0:00:14"]
[BlackClock "0:00:00"]
[Board "112"]

1. e4 e5 2. Nf3 Nf6 3. d4 exd4 4. e5 Ne4 5. Qxd4 d5 6. exd6 Nxd6 7. Nc3 Nc6 8. Qf4 Be7 9. Be3 Be6 10. O-O-O O-O 11. Bd3 a5 12. h4 Nb4 13. Be2 Bf6 14. Nd4 Nxa2+ 15. Nxa2 Bxa2 16. Nb5 a4 17. Nxd6 cxd6 18. Rxd6 Qe7 19. Qb4 Rfc8 20. Rhd1 h6 21. Bf3 Bb3 22. R1d2 Qe5 23. c3 Be6 24. Bd4 Qe1+ 25. Rd1 a3 26. Rxe1 a2 27. Kd2 Be7 28. Ra1 1-0


[Site "https://www.chess.com"]

[Event "Titled Tuesday Blitz August 22 Early 2023"]
[White "Willy, Stephen"]
[Black "Vivas Zamora, Fabian Ernesto"]
[WhiteFideId "30981468"]
[BlackFideId "3902480"]
[WhiteElo "2551"]
[BlackElo "2429"]
[Result "1-0"]
[Round "7"]
[TimeControl "180+1"]
[Date "2023.08.22"]
[WhiteClock "0:01:16"]
[BlackClock "0:00:00"]
[Board "113"]

1. e4 c5 2. c3 Nf6 3. e5 Nd5 4. Nf3 d6 5. Bc4 Nb6 6. Bb3 c4 7. Bc2 Nc6 8. exd6 e5 9. a4 Bxd6 10. a5 Nd5 11. d4 exd4 12. Nxd4 Qe7+ 13. Ne2 Bg4 14. f3 O-O-O 15. fxg4 Rhe8 16. O-O Bc5+ 17. Nd4 Ne3 18. Bxe3 Qxe3+ 19. Kh1 Bxd4 20. cxd4 Nxd4 21. Nc3 Qe5 22. Qc1 1-0


[Site "https://www.chess.com"]

[Event "Titled Tuesday Blitz August 22 Early 2023"]
[White "Najdin, Danil"]
[Black "Zenin, Dmitry"]
[WhiteFideId "4172426"]
[BlackFideId "4127897"]
[WhiteElo "2546"]
[BlackElo "2431"]
[Result "0-1"]
[Round "7"]
[TimeControl "180+1"]
[Date "2023.08.22"]
[WhiteClock "0:00:52"]
[BlackClock "0:01:11"]
[Board "114"]

1. d4 Nf6 2. c4 g6 3. Nc3 Bg7 4. e4 d6 5. Be2 O-O 6. Bg5 Nbd7 7. h4 e5 8. d5 h6 9. Be3 Nc5 10. f3 Nh5 11. g4 Ng3 12. Rh2 f5 13. gxf5 gxf5 14. Qd2 Qf6 15. Bf2 Nxe2 16. Ngxe2 fxe4 17. fxe4 Qf3 18. Bxc5 Qf1# 0-1


[Site "https://www.chess.com"]